 Dungeon Crawl Stone Soup version 0.23.0 (webtiles) character file.

Game seed: 14778738409015929753

162 kosherman the Poker (level 5, -5/26 HPs)
             Began as a Vine Stalker Warper on Feb 9, 2019.
             Killed by divine providence
             ... invoked by an orc priest
              (7 damage)
             ... on level 3 of the Dungeon.
             The game lasted 00:13:01 (2015 turns).

kosherman the Poker (Vine Stalker Warper)           Turns: 2015, Time: 00:13:02

Health: -5/26      AC:  7    Str: 14    XL:     5   Next: 43%
Magic:  0/8        EV: 10    Int: 13    God:
Gold:   145        SH:  0    Dex: 14    Spells: 8/8 levels left

rFire    . . .     SeeInvis .   a - +0 spear
rCold    . . .     Gourm    .   (no shield)
rNeg     . . .     Faith    .   l - +0 scale mail
rPois    .         Spirit   +   (no helmet)
rElec    .         Reflect  .   (no cloak)
rCorr    .         Harm     .   o - +0 pair of gloves
MR       .....                  (no boots)
Stlth    ..........             (no amulet)
HPRegen  0.48/turn              (no ring)
MPRegen  0.11/turn              (no ring)

@: lethally poisoned (-5 -> -5), flying
A: fangs 2, low mp 1, regeneration 1, wild magic 1, magic shield, antimagic
bite, no potion heal 3, rot immunity
a: no special abilities


You were on level 3 of the Dungeon.
You were not hungry.

You visited 1 branch of the dungeon, and saw 4 of its levels.

You collected 145 gold pieces.

Inventory:

Hand Weapons
 a - a +0 spear (weapon)
 j - a +1 dagger of pain
 p - a +0 hand axe
Missiles
 g - 14 poisoned needles
Armour
 l - a +0 scale mail (worn)
 o - a +0 pair of gloves (worn)
Scrolls
 b - a scroll of immolation {unknown}
 d - a scroll of blinking
 h - a scroll of remove curse {unknown}
 i - 2 scrolls of identify {unknown}
 n - a scroll of noise {unknown}
Comestibles
 f - 6 rations


   Skills:
 + Level 2.2 Fighting
 + Level 3.6 Polearms
 + Level 0.8 Throwing
 + Level 2.1 Armour
 + Level 2.0 Dodging
 + Level 0.2 Stealth
 + Level 2.4 Spellcasting
   Level 3.0 Translocations


You had 8 spell levels left.
You didn't know any spells.
Your spell library contained the following spells:

 Spells                   Type           Power        Failure   Level  Hunger
 Blink                    Tloc           N/A          50%         2    ###....
 Shroud of Golubria       Chrm/Tloc      #.........   71%         2    ###....
 Gell's Gravitas          Tloc           ##........   73%         3    ###....
 Lesser Beckoning         Tloc           ##........   73%         3    ###....
 Teleport Other           Tloc           ##......     73%         3    ###....
 Passage of Golubria      Tloc           N/A          98%         4    #####..


Dungeon Overview and Level Annotations

Branches:
Dungeon (4/15)
 Temple: D:4-7

Altars:
Kikubaaqudgha


Innate Abilities, Weirdness & Mutations

You have extremely sharp teeth.
Your natural rate of healing is unusually fast.
When hurt, damage is shared between your health and your magic reserves.
Your bite disrupts and absorbs the magic of your enemies.
Potions cannot restore your health.
You are immune to rotting.
Your magical capacity is low. (-10% MP)
Your spells are a little harder to cast, but a little more powerful.


Message History

You fly up into the air.
The scorpion barely misses you.
It was a potion of mutation.
You feel extremely strange.
You feel frail.
You feel less energetic.
You feel robust.
You feel less in control of your magic.
You feel sick. The scorpion misses you.
You don't know any spells.
You hit the scorpion. You bite the scorpion. You drain its power.
You feel invigorated.
The scorpion is severely wounded.
You hit the scorpion.
You kill the scorpion!
Your Armour skill increases to level 2!
You have reached level 5!
You feel sick.
The orc priest begins to cast a cantrip, but forgets the words!
You hit the dart slug.
You kill the dart slug!
The orc priest calls down the wrath of Beogh upon you.
Beogh smites you!
You die...

....o......./.. #...
............... #..
..........# #.# .. ##.
.......o<.# #.# ....#.
####.o#o.<# #.# #...
##.#...# #.# ###. #.o...#
#.# #. #.. #.....# #.# #.#
##.# #.....# #@# #.###..#
#..#### #.# #.#..... #.ow##
#.# #.#.##.. #....####o#
##.......
###....##o########..##.#.#
######....ooo............#.#
#........o..#####........#.#
#...........# ###..##.....
#.....†.....# ##......####


You could see an orc priest and 4 orcs.

Vanquished Creatures
  A scorpion (D:3)
  A worker ant (D:4)
  An adder (D:3)
  3 oozes
  4 worms
  4 dart slugs
  3 leopard geckos
  An orc (D:3)
  A ball python (D:1)
  3 giant cockroaches
  5 hobgoblins
  5 kobolds
  2 quokkas (D:2)
  4 bats
  A frilled lizard (D:2)
  6 goblins
  2 rats
47 creatures vanquished.

Notes
Turn   | Place    | Note
-------+----------+-------------------------------------------
     0 | D:1      | kosherman the Vine Stalker Warper began the quest for the
                  | Orb.
     0 | D:1      | Reached XP level 1. HP: 11/11 MP: 4/4
   162 | D:1      | Reached skill level 1 in Armour
   162 | D:1      | Reached XP level 2. HP: 14/15 MP: 6/6
   662 | D:1      | Reached XP level 3. HP: 15/18 MP: 7/7
  1151 | D:2      | Found an ancient bone altar of Kikubaaqudgha.
  1696 | D:2      | You fall through a shaft for 2 floors!
  1706 | D:4      | Gained mutation: Your natural rate of healing is unusually
                  | fast. [Vine Stalker growth]
  1706 | D:4      | Reached XP level 4. HP: 19/23 MP: 5/8
  2012 | D:3      | Gained mutation: You are frail. (-10% HP) [potion of
                  | mutation]
  2012 | D:3      | Gained mutation: Your magical capacity is low. (-10% MP)
                  | [potion of mutation]
  2012 | D:3      | Lost mutation: You are frail. (-10% HP) [potion of
                  | mutation]
  2012 | D:3      | Gained mutation: Your spells are a little harder to cast,
                  | but a little more powerful. [potion of mutation]
  2014 | D:3      | Reached XP level 5. HP: 2/26 MP: 3/8
  2015 | D:3      | Killed from afar by an orc priest

Skill      XL: |  1  2  3  4 |
---------------+-------------+-----
Fighting       | 2 |  2.2
Armour         | 1 2 |  2.1
Polearms       | 2 3 |  3.6
Dodging        | 2 |  2.0
Throwing       | |  0.8
Stealth        | |  0.2
Spellcasting   | |  2.4
Translocations | |  3.0

Action                   |  1- 3 |  4- 6 || total
-------------------------+-------+-------++-------
Melee: Spear             |   137 |    73 ||   210
       Bite              |    36 |    19 ||    55
Throw: Tomahawk          |     1 |     4 ||     5
  Use: Potion            |       |     2 ||     2
 Stab: Sleeping          |     1 |       ||     1
  Eat: Chunk             |     2 |     2 ||     4
Armor: Leather armour    |    11 |       ||    11
       Ring mail         |    14 |       ||    14
       Scale mail        |    12 |    15 ||    27
Dodge: Dodged            |    65 |    33 ||    98
